 Dungeon Crawl Stone Soup version 0.30-a0-772-g5528072125 (webtiles) character file.

Game seed: 3868210712347764205

31 cowhearter the Insei (level 3, -2/29 HPs)
             Began as a Demonspawn Monk on Feb 13, 2023.
             Slain by Sigmund
             ... wielding a +0 scythe
              (6 damage)
             ... on level 2 of the Dungeon.
             The game lasted 00:03:02 (769 turns).

cowhearter the Insei (Demonspawn Monk)               Turns: 769, Time: 00:03:03

Health: -2/29      AC:  2    Str: 13    XL:     3   Next: 7%
Magic:  3/3        EV: 13    Int: 11    God:
Gold:   79         SH:  0    Dex: 15    Spells: 2/2 levels left

rFire   . . .      SeeInvis .      - Unarmed
rCold   . . .      Faith    .    (no shield)
rNeg    . . .      Spirit   .    a - +0 robe
rPois   .          Reflect  .    (helmet restricted)
rElec   .          Harm     .    (no cloak)
rCorr   .          Rampage  .    (no gloves)
Will    .....                    (no boots)
Stlth   +                        (no amulet)
HPRegen 0.24/turn                (no ring)
MPRegen 0.08/turn                (no ring)

@: confused
A: horns 1
a: no special abilities


You were on level 2 of the Dungeon.
You visited 1 branch of the dungeon, and saw 2 of its levels.

You collected 79 gold pieces.

Inventory:

Armour
 a - a +0 robe (worn)
Scrolls
 d - a scroll of butterflies {unknown}
 g - 2 scrolls of poison {unknown}
 h - a scroll of identify {unknown}
Potions
 b - a potion of ambrosia
 c - 3 potions of brilliance {unknown}
 e - a potion of curing {unknown}
 f - a potion of flight {unknown}
 i - a potion of might {unknown}


   Skills:
 + Level 3.2 Fighting
 + Level 2.9 Dodging
 + Level 2.0 Stealth
 * Level 3.3 Unarmed Combat


You had 2 spell levels left.
You didn't know any spells.
Your spell library was empty.

Dungeon Overview and Level Annotations

Branches:
Dungeon (2/15)

Altars:

Annotations:
D:2 Sigmund


Innate Abilities, Weirdness & Mutations

You have a pair of small horns on your head.


Message History

Sigmund is nearby!
Sigmund shouts!
Sigmund gestures at you while chanting. The puff of flame hits you.
Sigmund misses you.
You hit Sigmund.
Sigmund is lightly wounded.
Sigmund hits you with a +0 scythe!
You completely miss Sigmund.
Sigmund is lightly wounded.
Sigmund barely misses you.
You barely miss Sigmund. Your headbutt misses Sigmund.
Sigmund is lightly wounded.
You barely miss Sigmund. You headbutt Sigmund.
Sigmund is moderately wounded.
Sigmund points at you and mumbles some strange words.
You are confused.
Sigmund casts a spell at you.
You are more confused.
You hit Sigmund.
Sigmund is moderately wounded.
Sigmund hits you with a +0 scythe!
You miss Sigmund.
Sigmund is moderately wounded.
You bump into the rock wall.
Sigmund drinks a potion.
Sigmund seems to speed up.
You bump into the rock wall.
Sigmund completely misses you.
You closely miss Sigmund. Your headbutt misses Sigmund.
Sigmund is moderately wounded.
Sigmund barely misses you.
You bump into the rock wall.
Sigmund gestures at you while chanting. The puff of flame hits you!
* * * LOW HITPOINT WARNING * * *
You're too confused to move!
Sigmund closely misses you. Sigmund misses you. Sigmund barely misses you.
There is a stone staircase leading up here.
Sigmund hits you from afar with a +0 scythe.
You die...

.. ..............#
...........##..#.#
#####.##.##..# #
#........#
..#####.##.##.##
......[....##.#
.....##.......#
##..
####...#####.# ##
#....#@......#
#.##@..#####.# #
##.## #.# #.# #.#
..# ... ###


You could see Sigmund (fast).

Vanquished Creatures
  A worm (D:1)
  3 bats
  3 endoplasms (D:1)
  A giant cockroach (D:1)
  5 goblins
  2 hobgoblins (D:1)
  6 kobolds
  4 ball pythons (D:1)
  2 frilled lizards (D:1)
27 creatures vanquished.

Notes
Turn   | Place    | Note
-------+----------+-------------------------------------------
     0 | D:1      | cowhearter the Demonspawn Monk began the quest for the Orb.
     0 | D:1      | Reached XP level 1. HP: 18/18 MP: 1/1
   164 | D:1      | Discovered your monstrous ancestry.
   164 | D:1      | Gained mutation: You have a pair of small horns on your
                  | head. [demonic ancestry]
   164 | D:1      | Reached XP level 2. HP: 23/24 MP: 2/2
   639 | D:2      | Reached XP level 3. HP: 29/29 MP: 3/3
   750 | D:2      | Noticed Sigmund
   769 | D:2      | Slain by Sigmund

Illustrated notes

Levels and vault maps discovered:
D:1:      lemuel_arrival_cross, layout_rooms, nicolae_wormholes
D:2:      layout_loops_ring, feat_on_display, uniq_sigmund

Skill      XL: |  1  2 |
---------------+-------+-----
Unarmed Combat | 3 |  3.3
Stealth        | 2 |  2.0
Fighting       | |  3.2
Dodging        | |  2.9

Action                     || total
---------------------------++-------
  Melee: Unarmed           ||   105
         Headbutt          ||    15
   Stab: Sleeping          ||     3
 Armour: Robe              ||    17
  Dodge: Dodged            ||    72

Table legend: (Time is in decaauts)
 A = Elapsed time spent in this place.
 B = Non-inter-level travel time spent in this place.
 C = Inter-level travel time spent in this place.
 D = Time resting spent in this place.
 E = Time spent auto-exploring this place.
 F = Levels seen in this place.
 G = Mean time per level.
                   A        B        C        D        E       F      G
               +--------+--------+--------+--------+--------+-----+--------+
         Total |    763 |    754 |      9 |    158 |    297 |   2 |  381.5 |
       Dungeon |    763 |    754 |      9 |    158 |    297 |   2 |  381.5 |
               +--------+--------+--------+--------+--------+-----+--------+

Top non-repeatable levels by time:
     D:1: 625 daAuts
     D:2: 137 daAuts
